 Dungeon Crawl Stone Soup version 0.29-a0-753-gb7bb9d756e (console) character file.

Game seed: 5674410891712911285

4526 Banquo the Cleaver (level 10, -11/68 HPs)
             Began as an Octopode Fighter on June 30, 2022.
             Was an Elder of Vehumet.
             Killed by the air
             ... invoked by Gastronok
              (32 damage)
             ... on level 9 of the Dungeon.
             The game lasted 00:22:23 (10202 turns).

Banquo the Cleaver (Octopode Fighter)              Turns: 10202, Time: 00:22:24

Health: -11/68     AC:  5    Str: 15    XL:     10   Next: 39%
Magic:  17/17      EV: 18    Int: 12    God:    Vehumet [****..]
Gold:   296        SH:  5    Dex: 15    Spells: 7/18 levels left

rFire   . . .      SeeInvis +   s - +1 war axe (venom)
rCold   . . .      Faith    .   b - +0 buckler
rNeg    . . .      Spirit   .   (helmet restricted)
rPois   .          Reflect  .   h - amulet of the acrobat
rElec   .          Harm     .   S - ring of see invisible
rCorr   .          Rampage  .   A - +4 ring of protection
Will    .....                   V - +4 ring of evasion
Stlth   +++++.....              (no ring)
HPRegen 0.21/turn               (no ring)
MPRegen 0.15/turn               (no ring)
                                (no ring)
                                (no ring)

@: no status effects
A: almost no armour, amphibious, 8 rings, camouflage 1, gelatinous body 1,
(nimble swimmer 1), tentacles
a: Renounce Religion


You were on level 9 of the Dungeon.
You worshipped Vehumet.
Vehumet was greatly pleased with you.
You visited 1 branch of the dungeon, and saw 9 of its levels.

You collected 456 gold pieces.
You spent 160 gold pieces at shops.

Inventory:

Hand Weapons
 a - a +0 war axe
 f - a +0 long sword of freezing
 q - a +2 spear of flaming
 s - a +1 war axe of venom (weapon)
 y - the +6 dagger "Demonslayer" {elec, rPois Str+4 Int+3}
   (You found it on level 7 of the Dungeon)

   It occasionally discharges a powerful burst of electricity upon striking a
   foe.
   Str:       It affects your strength (+4).
   Int:       It affects your intelligence (+3).
   rPois:     It protects you from poison.
Missiles
 d - 12 poisoned darts (quivered)
 i - 49 stones
 j - 2 boomerangs of dispersal
 D - 2 boomerangs
Armour
 b - a +0 buckler (worn)
Jewellery
 h - an amulet of the acrobat (around mantle)
 A - a +4 ring of protection (right tentacle)
 S - a ring of see invisible (left tentacle)
 V - a +4 ring of evasion (on tentacle)
Wands
 n - a wand of iceblast (7)
 E - a wand of flame (7)
Scrolls
 g - a scroll of silence
 m - 2 scrolls of teleportation
 r - a scroll of magic mapping
 v - a scroll of enchant weapon
 w - 2 scrolls of fog
 B - a scroll of enchant armour {unknown}
 C - a scroll of poison
Potions
 c - 4 potions of might
 e - a potion of invisibility
 k - 2 potions of heal wounds
 l - 4 potions of curing
 o - 2 potions of haste
 p - a potion of flight
 t - a potion of berserk rage
 u - a potion of ambrosia
 x - a potion of magic {unknown}
 z - a potion of brilliance {unknown}
 G - 2 potions of lignification {unknown}
 H - a potion of cancellation {unknown}


   Skills:
 + Level 6.0 Fighting
 + Level 9.0 Axes
 + Level 4.6 Dodging
 + Level 7.4 Stealth
 + Level 4.1 Shields
 * Level 4.9 Spellcasting
 * Level 3.5 Conjurations
 * Level 2.2 Fire Magic
 * Level 3.5 Earth Magic


You had 7 spell levels left.
You knew the following spells:

 Your Spells              Type           Power      Damage    Failure   Level
a - Stone Arrow           Conj/Erth      22%        3d8       5%          3
b - Airstrike             Air            1%         N/A       52%         4
s - Sticky Flame          Conj/Fire      10%        2d3       19%         4

Your spell library contained the following spells:

 Spells                   Type           Power      Damage    Failure   Level
 Magic Dart               Conj           44%        1d5       1%          1
 Sandblast                Erth           22%        2d7       1%          1
 Conjure Flame            Conj/Fire      10%        6-21      6%          3
 Freeze                   Ice            8%         1d3       7%          1
 Mephitic Cloud           Conj/Pois/Air  5%         N/A       13%         3
 Ignite Poison            Fire/Tmut/Pois 4%         N/A       16%         3
 Passwall                 Tmut/Erth      5%         N/A       19%         2
 Call Imp                 Summ           2%         N/A       36%         2
 Ensorcelled Hibernation  Hex/Ice        4%         N/A       36%         2
 Iskenderun's Battlesphe  Conj           11%        2d7       38%         5
 Lee's Rapid Deconstruct  Erth           5%         3d7*      38%         5
 Swiftness                Air            2%         N/A       61%         3
 Leda's Liquefaction      Hex/Erth       3%         N/A       77%         4
 Iron Shot                Conj/Erth      5%         9d2       89%         6
 Statue Form              Tmut/Erth      4%         N/A       100%        6
 Spellforged Servitor     Conj/Summ      3%         N/A       100%        7


Dungeon Overview and Level Annotations

Branches:
Dungeon (9/15)             Temple (0/1) D:5
   Lair: D:8-11         Orc: D:9-12

Altars:
Ashenzari
Cheibriados
Fedhas
Gozag
Makhleb
Qazlal
Ru
Sif Muna
Vehumet
Wu Jian
Xom
Yredelemnul
Zin
The Shining One

Shops:
D:4 :**?   D:5 ([:   D:8 (   D:9 (

Annotations:
D:2 1 runed translucent door, Crazy Yiuf
D:7 3 runed translucent doorsdiggable scrolls, NoAnimeNoLife's ghost, novice TrWr
D:9 Gastronok


Innate Abilities, Weirdness & Mutations

You cannot wear most types of armour.
You are amphibious.
You can wear up to eight rings at the same time.
Your skin changes colour to match your surroundings (Stealth+).
Your rubbery body absorbs attacks. (AC +1, EV +1)
((You are camouflaged when in or above water. (Stealth+)))
You have tentacles for arms and can constrict up to eight enemies at once.


Message History

There is an open door here.
You block Gastronok's attack.
You hit Gastronok but do no damage.
Gastronok is poisoned.
You squeeze Gastronok.
Gastronok is lightly wounded.
You slash Gastronok!
Gastronok looks as sick as possible!
Gastronok is lightly wounded.
You feel a sudden, passing aversion to salt.
You hit Gastronok.
Gastronok looks as sick as possible!
Gastronok is lightly wounded.
You hit Gastronok.
Gastronok looks as sick as possible!
Gastronok is lightly wounded.
Gastronok bites you!
You hit Gastronok.
Gastronok looks as sick as possible!
Gastronok is lightly wounded.
You hit Gastronok.
Gastronok is moderately wounded.
Gastronok waves his eye-stalks in wide circles.
The air twists around and strikes you!!
You slash Gastronok!
Gastronok looks as sick as possible!
You squeeze Gastronok, but do no damage.
Gastronok is moderately wounded.
You hit Gastronok.
You squeeze Gastronok, but do no damage.
Gastronok is moderately wounded.
Gastronok completely misses you.
You slash Gastronok!
Gastronok looks as sick as possible!
Gastronok is heavily wounded.
You hit Gastronok.
Gastronok looks as sick as possible!
Gastronok is heavily wounded.
Gastronok bites you!
* * * LOW HITPOINT WARNING * * *
You slash Gastronok!
Gastronok looks as sick as possible!
You squeeze Gastronok.
Gastronok is severely wounded.
You slash Gastronok!
Gastronok looks as sick as possible!
Gastronok is severely wounded.
Gastronok waves his eye-stalks in wide circles.
The air twists around and strikes you!!
You die...

..≈...............)..........
..≈._.................P...P.P
.≈......................PP.P
.......................P....
##+###'###................#
#.....#.............###
#.....####'##########
#.##.........###########
#.##..w@.###.'..........
#........# #.#..........
######<..# #.#..########
#...# #.#.#.§≈≈≈≈≈.
#...###.#.#.§.....≈
#.......###.§.≈§≈§≈
#.........#.§≈...§§
########..#.≈≈._§≈§
#.##.≈≈...≈≈


You could see Gastronok (extremely poisoned).

Vanquished Creatures
  Grinder (D:6)
  Prince Ribbit (D:6)
  4 yaks (D:9)
  2 water moccasins (D:7)
  3 ice beasts (D:6)
  2 sky beasts (D:7)
  2 black bears
  An orc warrior (D:8)
  3 ogres
  3 centaurs
  A kobold brigand (D:9)
  6 bullfrogs
  7 scorpions
  2 necrophages
  6 killer bees (D:8)
  2 howler monkeys (D:4)
  A crimson imp (D:6)
  A hound (D:7)
  4 jellies
  4 orc priests
  Ijyb (D:3)
  Terence (D:3)
  3 iguanas (D:4)
  Natasha (thrice) (D:3)
  6 orc wizards
  An adder (D:4)
  A shadow imp (D:7)
  2 white imps
  An ufetubus (D:6)
  2 worms
  6 dart slugs
  32 orcs
  7 ball pythons
  7 endoplasms
  5 giant cockroaches
  12 goblins
  14 hobgoblins
  3 jackals (D:1)
  A quokka (D:1)
  8 bats
  6 frilled lizards
  11 kobolds
  5 rats
194 creatures vanquished.

Vanquished Creatures (others)
  3 fungi (D:9)
  10 plants
13 creatures vanquished.

Grand Total: 207 creatures vanquished

Notes
Turn   | Place    | Note
-------+----------+-------------------------------------------
     0 | D:1      | Banquo the Octopode Fighter began the quest for the Orb.
     0 | D:1      | Reached XP level 1. HP: 16/16 MP: 1/1
   155 | D:1      | Reached XP level 2. HP: 21/21 MP: 2/2
   189 | D:1      | Reached skill level 3 in Axes
   198 | D:1      | Reached XP level 3. HP: 11/26 MP: 3/3
   864 | D:1      | Reached skill level 4 in Axes
  1286 | D:2      | Reached XP level 4. HP: 31/31 MP: 4/4
  1286 | D:2      | Found a faded altar of an unknown god.
  1301 | D:2      | Prayed at the altar of an unknown god.
  1301 | D:2      | Became a worshipper of Vehumet
  1301 | D:2      | Reached * piety under Vehumet
  1301 | D:2      | Offered knowledge of Foxfire by Vehumet.
  1650 | D:2      | Found a runed translucent door.
  1651 | D:2      | Noticed Crazy Yiuf
  1887 | D:3      | Noticed Ijyb
  2006 | D:3      | Found a snail-covered altar of Cheibriados.
  2007 | D:3      | Found a basalt altar of Yredelemnul.
  2010 | D:3      | Found a radiant altar of Vehumet.
  2010 | D:3      | Found a glowing golden altar of the Shining One.
  2264 | D:3      | Noticed a scorpion
  2268 | D:3      | Found a burning altar of Makhleb.
  2271 | D:3      | Offered knowledge of Scorch by Vehumet.
  2272 | D:3      | Reached skill level 1 in Stealth
  2273 | D:3      | Reached ** piety under Vehumet
  2275 | D:3      | Reached XP level 5. HP: 32/36 MP: 4/6
  2379 | D:3      | Killed Ijyb
  2380 | D:3      | Reached skill level 1 in Spellcasting
  2464 | D:3      | Reached skill level 5 in Axes
  2857 | D:3      | Noticed Natasha
  2860 | D:3      | Killed Natasha
  2861 | D:3      | Reached XP level 6. HP: 34/42 MP: 6/8
  2966 | D:3      | Noticed Terence
  3038 | D:3      | Found a shimmering blue altar of Sif Muna.
  3062 | D:3      | Got Sif Muna's Almanac of the Frostbite
  3309 | D:3      | Killed Terence
  3403 | D:3      | Noticed Natasha
  3409 | D:3      | Killed Natasha
  3620 | D:3      | Found a basalt altar of Yredelemnul.
  3621 | D:3      | Found a glowing golden altar of the Shining One.
  3623 | D:3      | Found a snail-covered altar of Cheibriados.
  3624 | D:3      | Found a radiant altar of Vehumet.
  3699 | D:3      | Noticed Natasha
  3706 | D:3      | Killed Natasha
  3970 | D:3      | Found a burning altar of Makhleb.
  4022 | D:3      | Found a shimmering blue altar of Sif Muna.
  4238 | D:4      | Reached XP level 7. HP: 22/46 MP: 10/10
  4437 | D:4      | Found Lueza's Book Boutique.
  4437 | D:4      | Found Sakoe's General Store.
  4460 | D:4      | Bought a scroll of teleportation for 39 gold pieces
  4510 | D:4      | Found Zuutwer's Magic Scroll Shop.
  4518 | D:4      | Bought a scroll of magic mapping for 35 gold pieces
  4525 | D:4      | Found Fopareuch's General Store.
  4546 | D:4      | Bought a +0 war axe of venom for 86 gold pieces
  4791 | D:4      | Reached skill level 6 in Axes
  4847 | D:4      | Offered knowledge of Frozen Ramparts by Vehumet.
  4988 | D:5      | Entered Level 5 of the Dungeon
  5022 | D:5      | Found a shimmering altar of Xom.
  5041 | D:5      | Found a staircase to the Ecumenical Temple.
  5059 | D:5      | Found Herrod's Antique Armour Boutique.
  5344 | D:5      | Found Xakuesaca's Book Shoppe.
  5567 | D:5      | Found Has Oteth's Antique Weapon Boutique.
  5609 | D:6      | Reached XP level 8. HP: 51/54 MP: 12/12
  5652 | D:6      | Reached skill level 7 in Axes
  5920 | D:6      | Reached *** piety under Vehumet
  6154 | D:6      | Learned a level 3 spell: Stone Arrow
  6477 | D:6      | Noticed Grinder
  6578 | D:6      | Reached skill level 5 in Stealth
  6582 | D:6      | Killed Grinder
  6583 | D:6      | Reached skill level 1 in Conjurations
  6583 | D:6      | Reached skill level 1 in Earth Magic
  6836 | D:6      | Noticed Prince Ribbit
  6959 | D:6      | Reached XP level 9. HP: 59/59 MP: 14/14
  7058 | D:6      | Killed Prince Ribbit
  7298 | D:7      | Reached skill level 8 in Axes
  7375 | D:7      | Found a runed translucent gate.
  7375 | D:7      | Found a runed translucent gate.
  7375 | D:7      | Found a runed translucent gate.
  7376 | D:7      | Found an opulent altar of Gozag.
  7475 | D:7      | Found a broken altar of Ashenzari.
  7920 | D:7      | Offered knowledge of Inner Flame by Vehumet.
  7971 | D:7      | Identified the +6 dagger "Demonslayer" {elec, rPois Str+4
                  | Int+3}
  7974 | D:7      | Found a sacrificial altar of Ru.
  8240 | D:7      | Found a stormy altar of Qazlal.
  8419 | D:7      | Found a glowing silver altar of Zin.
  8424 | D:7      | Noticed a centaur warrior
  8425 | D:7      | Noticed NoAnimeNoLife's ghost (novice TrWr)
  8567 | D:7      | Learned a level 4 spell: Sticky Flame
  8651 | D:8      | Reached skill level 5 in Fighting
  8679 | D:8      | Found Ripic's Weapon Shop.
  8772 | D:8      | Reached skill level 1 in Fire Magic
  8982 | D:8      | Reached XP level 10. HP: 39/66 MP: 16/16
  8987 | D:8      | Reached **** piety under Vehumet
  9657 | D:9      | Found Xiojir's Weapon Emporium.
  9660 | D:9      | Found a blossoming altar of Fedhas.
  9681 | D:9      | Noticed Gastronok
  9738 | D:9      | Reached skill level 9 in Axes
  9741 | D:9      | Offered knowledge of Airstrike by Vehumet.
  9748 | D:9      | Learned a level 4 spell: Airstrike
 10132 | D:9      | Found an ornate altar of the Wu Jian Council.
 10202 | D:9      | Killed from afar by Gastronok

Illustrated notes

Levels and vault maps discovered:
D:1:      kennysheep_arrival_forest, layout_basic, serial_bayou,
          serial_bayou_shore_b, serial_bayou_ford_a, serial_bayou_pond_b,
          serial_bayou_lagoon_a, minmay_strange_pillars,
          minmay_tree_intersection, minivault_25
D:2:      layout_basic, dreamdust_ecumenical_altar_statues,
          kennysheep_generic_room_16, uniq_crazy_yiuf_cottage
D:3:      layout_loops_ring, led_sif_book, lemuel_tele_altar,
          mainiacjoe_overflow_alcove_3, uniq_terence, uniq_natasha, uniq_ijyb
D:4:      layout_basic, serial_shops, shop_fountains, nicolae_shop_statue_plus,
          kennysheep_mini_moat, shop
D:5:      layout_rooms, lemuel_round_altar, minmay_temple_entry_slanted,
          serial_shops, shop, shop, nicolae_lakefront_shop
D:6:      layout_basic, chequers_serial_rivers_micro_a, minmay_fire_ice_demons,
          uniq_grinder, uniq_prince_ribbit1
D:7:      layout_gridville, nicolae_qazlal_general_emergency, zin_scriptorium,
          nicolae_ru_sacrificial_ziggurat, cheibrodos_ashenzari_chains,
          ebering_ghost_gozag
D:8:      layout_rooms, serial_shops, nicolae_shop_bloodbath_and_beyond,
          kennysheep_generic_room_7
D:9:      layout_stronghold, mainiacjoe_overflow_paths,
          mainiacjoe_overflow_chevrons, grunt_lair_entry_orc_guard_hut,
          serial_shops, shop, uniq_gastronok

Skill      XL: |  1  2  3  4  5  6  7  8  9 10 |
---------------+-------------------------------+-----
Axes           | 3 4 5 6 7 8 9 |  9.0
Stealth        | 1 2 4 5 6 7 |  7.4
Spellcasting   | 1 2 3 4 |  4.9
Fighting       | 4 5 6 |  6.0
Conjurations   | 1 3 |  3.5
Earth Magic    | 1 3 |  3.5
Dodging        | 4 |  4.6
Fire Magic     | 1 2 |  2.2
Shields        | 4 |  4.1

Action                   |  1- 3 |  4- 6 |  7- 9 | 10-12 || total
-------------------------+-------+-------+-------+-------++-------
Melee: War axe           |    62 |   112 |   185 |    69 ||   428
       Constrict         |    17 |    26 |    45 |    14 ||   102
       Tentacles         |    12 |    24 |    37 |    21 ||    94
       Punch             |       |     2 |     1 |     2 ||     5
  Use: Scroll            |     1 |     5 |     5 |     4 ||    15
 Stab: Sleeping          |     5 |    10 |    16 |     1 ||    32
Armor: Skin              |     7 |     4 |     9 |     4 ||    24
Dodge: Dodged            |    40 |    63 |   135 |    40 ||   278
Block: Buckler           |     6 |    19 |    40 |    12 ||    77

Table legend: (Time is in decaauts)
 A = Elapsed time spent in this place.
 B = Non-inter-level travel time spent in this place.
 C = Inter-level travel time spent in this place.
 D = Time resting spent in this place.
 E = Time spent auto-exploring this place.
 F = Levels seen in this place.
 G = Mean time per level.
                   A        B        C        D        E       F      G
               +--------+--------+--------+--------+--------+-----+--------+
         Total |  10294 |   9802 |    492 |    834 |   7293 |   9 | 1143.8 |
       Dungeon |  10294 |   9802 |    492 |    834 |   7293 |   9 | 1143.8 |
               +--------+--------+--------+--------+--------+-----+--------+

Top non-repeatable levels by time:
     D:3: 2329 daAuts
     D:6: 1680 daAuts
     D:7: 1340 daAuts
     D:1: 1132 daAuts
     D:8: 916 daAuts
     D:4: 855 daAuts
     D:2: 752 daAuts
     D:9: 686 daAuts
     D:5: 601 daAuts
